 Dungeon Crawl Stone Soup version 0.23-a0-705-g0e654d2 (webtiles) character file.

156 zishaf the Grave Robber (level 5, -1/38 HPs)
             Began as a Mummy Necromancer on Jan 15, 2019.
             Slain by an adder (3 damage)
             ... on level 4 of the Dungeon.
             The game lasted 00:08:26 (3265 turns).

zishaf the Grave Robber (Mummy Necromancer)         Turns: 3265, Time: 00:08:27

Health: -1/38      AC:  2    Str: 11    XL:     5   Next: 15%
Magic:  11/11      EV: 13    Int: 21    God:
Gold:   124        SH:  0    Dex: 13    Spells: 3/12 levels left

rFire    x . .     SeeInvis .   c - +0 short sword
rCold    + . .     Gourm    .   (no shield)
rNeg     + + +     Faith    .   a - +0 robe
rPois    ∞         Spirit   .   (no helmet)
rElec    .         Reflect  .   (no cloak)
rCorr    .         Harm     .   (no gloves)
MR       .....                  (no boots)
Stlth    +++.......             n - amulet of inaccuracy (curse)
HPRegen  0.12/turn              e - ring of stealth
MPRegen  0.12/turn              i - +6 ring of intelligence

@: no status effects
A: no food or potions, fire vulnerability, cold resistance 1, negative energy
resistance 3, torment resistance, unbreathing
a: no special abilities


You were on level 4 of the Dungeon.
You were not hungry.

You visited 1 branch of the dungeon, and saw 4 of its levels.

You collected 124 gold pieces.

Inventory:

Hand Weapons
 c - a +0 short sword (weapon)
Missiles
 g - 45 stones (quivered)
Armour
 a - a +0 robe (worn)
Jewellery
 e - a ring of stealth (left hand)
 i - a +6 ring of intelligence (right hand)
 n - a cursed amulet of inaccuracy (around neck)
Scrolls
 b - a scroll of fear {unknown}
 d - a scroll of teleportation {unknown}
 f - a scroll of magic mapping {unknown}
 h - 2 scrolls of random uselessness {unknown}
 j - 3 scrolls of remove curse {unknown}
 k - 2 scrolls of identify {unknown}
 l - a scroll of amnesia {unknown}
 m - a scroll of immolation {unknown}


   Skills:
 + Level 2.2 Fighting
 + Level 2.6 Dodging
 - Level 1.5 Stealth
 + Level 4.0 Spellcasting
 + Level 4.7 Necromancy


You had 3 spell levels left.
You knew the following spells:

 Your Spells              Type           Power        Failure   Level  Hunger
a - Pain                  Necr           ###.         1%          1    N/A
b - Animate Skeleton      Necr           N/A          1%          1    N/A
c - Vampiric Draining     Necr           ###.......   5%          3    N/A
d - Animate Dead          Necr           N/A          17%         4    N/A

Your spell library contained the following spells:

 Spells                   Type           Power        Failure   Level  Hunger
 Regeneration             Chrm/Necr      Unusable     N/A         3    N/A

Dungeon Overview and Level Annotations

Branches:
Dungeon (4/15)
 Temple: D:4-7

Altars:

Annotations:
D:3 Purgy


Innate Abilities, Weirdness & Mutations

You do not eat or drink.
Your flesh is vulnerable to fire.
You are immune to poison.
Your flesh is cold resistant. (rC+)
You are immune to negative energy. (rN+++)
You are immune to unholy pain and torment.
You can survive without breathing.


Message History

The hound closely misses you. x3; The adder misses you.
The hound barely misses you.
The hound stops to sniff the ground.
The ogre barely misses you. The adder barely misses you.
The hound barely misses you. The adder closely misses you.
The hound bites you but does no damage. The hound barely misses you.
The hound bites you.
The hound barely misses you. x2; The hound bites you.
* * * LOW HITPOINT WARNING * * *
The hound pauses to sniff the ground.
The hound closely misses you. The hound bites you.
* * * LOW HITPOINT WARNING * * *
The hound bites you but does no damage. The adder bites you.
* * * LOW HITPOINT WARNING * * *
The hound completely misses you.
There is a stone staircase leading up here.
The adder misses you. The hound closely misses you. The adder bites you.
You die...

#...#.................
#...#.....#######+####
#...#.....#
#...#.....#
.....#...#.....# #.
....#...#.>...# #...
....#...#.....# #....
... #...#.....#
#...####'#######@....#
#...##...#....hSh....#
#........#......#'####
#........#...Og.#...##
#....$...#......#....#
#........#.O....#....#
#...##...#......#....#
#...##..........#....#
#...............#....#


You could see 2 ogres, 2 hounds, a gnoll and an adder.

Vanquished Creatures
  Jessica (D:2)
  6 adders
  3 worms
  A leopard gecko (D:1)
  4 giant cockroaches
  11 hobgoblins
  3 jackals (D:3)
  6 kobolds
  4 bats
  4 frilled lizards
  8 goblins
  A jackal skeleton (D:4)
  7 rats
59 creatures vanquished.

Vanquished Creatures (collateral kills)
  2 oozes
  A hobgoblin (D:1)
  2 rats
5 creatures vanquished.

Grand Total: 64 creatures vanquished

Notes
Turn   | Place    | Note
-------+----------+-------------------------------------------
     0 | D:1      | zishaf the Mummy Necromancer began the quest for the Orb.
     0 | D:1      | Reached XP level 1. HP: 13/13 MP: 4/4
   180 | D:1      | Learned a level 1 spell: Animate Skeleton
   255 | D:1      | Reached XP level 2. HP: 18/20 MP: 5/5
   577 | D:1      | Reached skill level 1 in Fighting
  1042 | D:2      | Noticed Jessica
  1052 | D:2      | Killed Jessica
  1052 | D:2      | Reached XP level 3. HP: 26/26 MP: 2/7
  1074 | D:2      | Learned a level 3 spell: Vampiric Draining
  1470 | D:2      | Reached XP level 4. HP: 32/32 MP: 5/9
  1486 | D:2      | Learned a level 4 spell: Animate Dead
  2383 | D:3      | Noticed Purgy
  2637 | D:3      | Reached XP level 5. HP: 38/38 MP: 6/10
  3024 | D:4      | Noticed an ogre
  3196 | D:4      | Noticed an ogre
  3265 | D:4      | Slain by an adder

Vault maps used:
D:1:      psy_arrival_whirlpool
D:2:      minmay_ruptured, uniq_jessica
D:3:      uniq_purgy
D:4:      first_ration, cheibrodos_gnoll_hut

Skill      XL: |  1  2  3  4  5 |
---------------+----------------+-----
Spellcasting   | 3 4 |  4.0
Fighting       | 1 2 |  2.2
Dodging        | 2 |  2.6
Stealth        | |  1.5
Necromancy     | |  4.7

Action                   |  1- 3 |  4- 6 || total
-------------------------+-------+-------++-------
Melee: Short sword       |    26 |    34 ||    60
       Club              |     3 |       ||     3
       Unarmed           |     1 |       ||     1
 Cast: Pain              |    51 |    55 ||   106
       Animate Skeleton  |    12 |     6 ||    18
       Animate Dead      |       |     5 ||     5
 Stab: Distracted        |     1 |       ||     1
       Sleeping          |       |     3 ||     3
Armor: Robe              |     6 |     9 ||    15
Dodge: Dodged            |    19 |    46 ||    65

Table legend:
 A = Non-vault XP
 B = Vault XP
 C = Vault XP percentage of total XP
 D = Non-vault monster count
 E = Vault monster count
 F = Vault count percentage of total count
                 A         B        C        D         E       F
            +---------+---------+-------+---------+---------+-------
      Total |     183 |      41 |  18.3 |      60 |       4 |   6.2
            +---------+---------+-------+---------+---------+-------
        D:1 |      36 |       0 |   0.0 |      23 |       0 |   0.0
        D:2 |      55 |      41 |  42.7 |      15 |       4 |  21.1
        D:3 |      78 |       0 |   0.0 |      20 |       0 |   0.0
        D:4 |      14 |       0 |   0.0 |       2 |       0 |   0.0
            +---------+---------+-------+---------+---------+-------
